 Dungeon Crawl Stone Soup version 0.31-a0-219-g8d62b2e7bb (webtiles) character file.

Game seed: 17769838269142276187

63488 iguanaiguana the Black Sun (level 14, -5/108 HPs)
             Began as a Mummy Chaos Knight on June 27, 2023.
             Was a High Priest of Kikubaaqudgha.
             Killed by divine providence
             ... invoked by an orc high priest
              (14 damage)
             ... on level 2 of the Orcish Mines on July 4, 2023.
             The game lasted 01:41:56 (26058 turns).

iguanaiguana the Black Sun (Mummy Chaos Knight)    Turns: 26058, Time: 01:41:57

Health: -5/108     AC: 10    Str: 18    XL:     14   Next: 68%
Magic:  5/26       EV: 27    Int: 22    God:    Kikubaaqudgha [*****.]
Gold:   961        SH: 13    Dex: 15    Spells: 3/30 levels left

rFire   . . .        Z - +6 demon trident (pain)
rCold   + . .        R - +2 kite shield
rNeg    + + +        K - +0 toga "Victory" {*Victory Clar}
rPois   ∞            p - +0 helmet
rElec   +            u - +2 cloak
rCorr   .            b - +0 pair of gloves of Sisaix {rElec Int+3}
SInv    .            j - +2 pair of boots
Will    +....        V - amulet of Tithrisegg {Acrobat Stlth+}
Stlth   +++          d - ring of the Prince of Darkness {Fly rF+ Dex+3}
HPRegen 0.38/turn    X - +6 ring of intelligence
MPRegen 0.20/turn

%: acrobat, clarity, faith
@: acrobatic, flying
A: cold resistance 1, negative energy resistance 3, torment resistance 2, heat
vulnerability 1, in touch with death 2, no potions, faith
a: Renounce Religion, Unearth Wretches, Torment


You were on level 2 of the Orcish Mines.
You worshipped Kikubaaqudgha.
Kikubaaqudgha was extremely pleased with you.
You visited 4 branches of the dungeon, and saw 19 of its levels.
You visited 1 bazaar.
You also visited: Ice Cave and Volcano.

You collected 2020 gold pieces.
You spent 1059 gold pieces at shops.

Inventory:

Hand Weapons
 f - the +7 falchion "Zuafo" {drain, Will+ Stlth+}
   (You took it off Maggie on level 6 of the Dungeon)

   Will:      It increases your willpower.
   Stlth:     It makes you more stealthy.
 Z - a +6 demon trident of pain (weapon)
Missiles
 a - 3 curare-tipped darts
 l - a silver boomerang
 m - 22 poisoned darts (quivered)
 n - 4 boomerangs of dispersal
 x - 6 javelins
 B - 16 boomerangs
 Q - 4 atropa-tipped darts
 Y - 6 silver javelins
Armour
 b - the +0 pair of gloves of Sisaix (worn) {rElec Int+3}
   (You bought it in a shop in a bazaar)

   Int:       It affects your intelligence (+3).
   rElec:     It insulates you from electricity.
 j - a +2 pair of boots (worn)
 p - a +0 helmet (worn)
 t - a +2 pair of gloves
 u - a +2 cloak (worn)
 w - the +5 ring mail of the Several Places {rC+}
   (You bought it in a shop on level 1 of the Dungeon)

   rC:        It protects you from cold.
 G - a +2 leather armour
 J - the +5 chain mail of the Elven Halls {rF+}
   (You found it on level 9 of the Dungeon)

   rF:        It protects you from fire.
 K - the +0 toga "Victory" (worn) {*Victory Clar}
   (You found it on level 10 of the Dungeon)

   *Victory:  When the wearer kills a threatening monster, it has a chance to
   gain +1 AC, +1 Slay, and +1 Int, capping at +7.
   When the wearer uses a scroll or a potion with a hostile monster in sight,
   its bonuses reset to +0.
   Unequipping it also resets its bonuses to +0.
   Clar:      It protects you from confusion, rage, mesmerisation and fear.
 O - a +1 crystal plate armour of cold resistance
 R - a +2 kite shield (worn)
Magical Staves
 D - a staff of cold
Jewellery
 d - the ring of the Prince of Darkness (left hand) {Fly rF+ Dex+3}
   (You bought it in a shop in a bazaar)

   [ring of flight]

   Dex:       It affects your dexterity (+3).
   rF:        It protects you from fire.
   Fly:       It grants you flight.
 g - a ring of protection from cold
 z - the ring of Gief {rPois AC+4 Dex+3 SInv}
   (You found it on level 4 of the Lair of Beasts)

   [ring of protection]

   AC:        It affects your AC (+4).
   Dex:       It affects your dexterity (+3).
   rPois:     It protects you from poison.
   SInv:      It lets you see invisible.
 I - a +5 ring of evasion
 M - the ring "Isadghargh" {rCorr Str+4}
   (You found it on level 3 of the Lair of Beasts)

   [ring of resist corrosion]

   Str:       It affects your strength (+4).
   rCorr:     It protects you from acid and corrosion.
 N - the ring of Hedonism {Fire rN+++ Str+2 Int-5 Dex+2}
   (You found it in an ice cave)

   [ring of fire]

   It enhances your fire magic.
   Str:       It affects your strength (+2).
   Int:       It affects your intelligence (-5).
   Dex:       It affects your dexterity (+2).
   rF:        It protects you from fire.
   rC:        It makes you vulnerable to cold.
   rN:        It renders you almost immune to negative energy.
 V - the amulet of Tithrisegg (around neck) {Acrobat Stlth+}
   (You found it on level 4 of the Lair of Beasts)

   [amulet of the acrobat]

   It increases your evasion while moving and waiting.
   Stlth:     It makes you more stealthy.
 X - a +6 ring of intelligence (right hand)
Wands
 q - a wand of iceblast (1) {@v2}
 C - a wand of quicksilver (2)
 L - a wand of flame (11)
 P - a wand of digging (5) {@v3}
 S - a wand of polymorph (4)
Scrolls
 e - 2 scrolls of blinking {@r4}
 h - 4 scrolls of poison
 k - a scroll of teleportation {@r3}
 o - a scroll of noise
 r - 3 scrolls of amnesia
 s - 2 scrolls of revelation
 A - 3 scrolls of vulnerability
 E - 5 scrolls of immolation
 F - 2 scrolls of silence
 U - 3 scrolls of identify {@r1}
Miscellaneous
 c - a piece from Xom's chessboard (15/15)
 H - a phial of floods (inert)
 T - a lightning rod (4/4)


   Skills:
 - Level 9.5 Fighting
 - Level 3.0 Maces & Flails
 + Level 6.2 Polearms
 - Level 1.5 Armour
 - Level 4.2 Dodging
 - Level 3.0 Stealth
 - Level 10.0 Shields
 - Level 8.7 Spellcasting
 - Level 15.0 Necromancy
 - Level 11.0 Ice Magic
 - Level 4.0 Evocations


You had 3 spell levels left.
You knew the following spells:

 Your Spells              Type           Power      Damage    Failure   Level
a - Vampiric Draining     Necr           100%       2d13      1%          3
b - Dispel Undead         Necr           100%       3d31      1%          4
c - Agony                 Necr           100%       N/A       1%          5
d - Animate Dead          Necr           100%       N/A       1%          4
e - Simulacrum            Ice/Necr       50%        N/A       10%         6
f - Metabolic Englaciati  Hex/Ice        16%        N/A       36%         5

Your spell library contained the following spells:

 Spells                   Type           Power      Damage    Failure   Level
 Kiss of Death            Conj/Necr      100%       2d13      1%          1
 Necrotise                Necr           100%       1d9       1%          1
 Ozocubu's Armour         Ice            55%        N/A       1%          3
 Cigotuvi's Dreadful Rot  Necr/Pois/Air  100%       N/A       2%          2
 Hailstorm                Conj/Ice       33%        3d8       4%          3
 Apportation              Tloc           18%        N/A       14%         1
 Sting                    Tmut/Pois      36%        1d4       14%         1
 Summon Small Mammal      Summ           36%        N/A       14%         1
 Poisonous Vapours        Pois/Air       18%        N/A       21%         2
 Static Discharge         Conj/Air       18%        2-3/arc   21%         2
 Confusing Touch          Hex            9%         N/A       38%         3
 Dazzling Flash           Conj/Hex       18%        N/A       38%         3
 Inner Flame              Hex/Fire       9%         N/A       38%         3
 Stone Arrow              Conj/Erth      18%        3d8       38%         3
 Vhi's Electric Charge    Tloc/Air       18%        N/A       38%         3
 Volatile Blastmotes      Fire/Tloc      18%        2d11      38%         3
 Anguish                  Hex/Necr       38%        N/A       6%          4
 Summon Ice Beast         Ice/Summ       33%        N/A       14%         4
 Airstrike                Air            4%         2d(1-17)  80%         4
 Animate Armour           Summ/Erth      18%        N/A       80%         4
 Iskenderun's Mystic Bla  Conj/Tloc      9%         2d4       80%         4
 Leda's Liquefaction      Hex/Erth       4%         N/A       80%         4
 Olgreb's Toxic Radiance  Pois           9%         N/A       80%         4
 Petrify                  Tmut/Erth      9%         N/A       80%         4
 Summon Lightning Spire   Summ/Air       9%         N/A       80%         4
 Alistair's Intoxication  Tmut/Pois      6%         N/A       98%         5
 Arcjolt                  Conj/Air       4%         1d14      98%         5
 Irradiate                Conj/Tmut      4%         3d13      98%         5
 Lee's Rapid Deconstruct  Erth           4%         3d5*      98%         5
 Yara's Violent Unravell  Hex/Tmut       4%         3d4       98%         5
 Leda's Unmaking          Conj/Erth      4%         9d2       100%        6
 Starburst                Conj/Fire      4%         6d4       100%        6
 Enfeeble                 Hex            4%         N/A       100%        7
 Summon Hydra             Summ           4%         N/A       100%        7
 Lehudib's Crystal Spear  Conj/Erth      4%         10d3      100%        8
 Maxwell's Capacitive Co  Air            4%         ∞         100%        8
 Sublimation of Blood     Necr           Unusable   N/A       N/A         2
 Wereblood                Tmut           Unusable   N/A       N/A         2
 Statue Form              Tmut/Erth      Unusable   N/A       N/A         6

Dungeon Overview and Level Annotations

Branches:
Dungeon (11/15) Zot: 25224  Temple (1/1) D:4 Zot: 5802    Lair (5/5) D:11 Zot: 21420
  Swamp (0/4) Lair:3        Snake (0/4) Lair:3        Slime (0/5) Lair:5
    Orc (2/2) D:9 Zot: 10454     Elf (0/3) Orc:2         IceCv (visited)
Volcano (visited)

Altars:
Ashenzari
Cheibriados
Dithmenos
Fedhas
Gozag
Hepliaklqana
Kikubaaqudgha
Makhleb
Nemelex Xobeh
Okawaru
Qazlal
Ru
Sif Muna
Trog
Uskayaw
Vehumet
Wu Jian
Xom
Yredelemnul
Jiyva

Shops:
D:1 [   Orc:2 [(

Portals:
Hell: Lair:5
Abyss: D:4

Annotations:
D:4 2 transporters, Rudyous's ghost, amateur OpFE
D:8 2 transporters
Lair:1 1 runed translucent door, exclusion: door
Lair:2 2 transporters
Lair:5 1 runed translucent door, exclusion: door
Orc:1 Erica


Innate Abilities, Weirdness & Mutations

You are immune to poison.
Your flesh is cold resistant. (rC+)
You are immune to negative energy. (rN+++)
You are immune to unholy pain and torment.
You are vulnerable to heat. (rF-)
You are strongly in touch with the powers of death.
You do not drink.
You have a special connection with the divine. (Faith)


Message History

* * * LOW HITPOINT WARNING * * *
The orc knight attacks as you move away!
The orc knight hits you with a +0 battleaxe!!
* * * LOW HITPOINT WARNING * * *
You see here a warg corpse.
The orc knight attacks as you move away!
The orc knight attacks as you move away!
The orc knight no longer looks unusually strong.
Your surroundings suddenly seem different.
An orc warrior, an orc, an orc wizard and an orc sorcerer come into view.
An orc comes into view. It is wielding a +0 short sword.
The orc wizard moves out of view.
Unknown command.
As you read the scroll of teleportation {@r3}, it crumbles to dust.
You feel strangely unstable.
The orc shouts! x2; You hear a shout!
The orc wizard shouts!
The orc shouts!
You hear a shout!
The orc warrior shouts!
You hear a shout!
The orc warrior shouts!
You hear a shout!
The orc sorcerer shouts!
The orc warrior shoots an arrow.
The orc warrior unwields a +0 scimitar.
The orc warrior wields a +0 orcbow.
The orc warrior shoots an arrow.
The orc warlord roars a battlecry!
The orcs go into a battle-frenzy!
The orc wizard shouts!
The orc warrior shouts!
Found Yqaehenk's Antique Armour Shoppe and Hoiwemev's Antique Weapon Shoppe.
The orc warrior shouts! x2
The orc warrior shoots an arrow.
The arrow hits you!
* * * LOW HITPOINT WARNING * * *
The orc sorcerer casts a spell at you. You resist with almost no effort.
The orc sorcerer mumbles some strange words.
The orc high priest shouts!
Your surroundings suddenly seem different.
An orc high priest comes into view. It is wielding a +0 glaive.
The orc high priest shouts! a +0 robe; a +0 dagger The orc high priest invokes the aid of Beogh against you.
Beogh smites you!
You die...
Xom guffaws!
Kikubaaqudgha rasps: "You have failed me!
Welcome... oblivion!"

.........#.......)[[.)#..........
.....#...#.......[[#).#..........
.................[.#).)...###....
.....#...................##.##...
....#............)[......#†o.#...
............o[...........#†o†#..[
..........<......[[.#....#...#...
............o.....##.....##.##.<.
................@.###.....#'#....
..............#....##....).......
......#.......###.#.........[....
.............##.#......)..)......
.#.#........##...................
...........#.#.....##........#...
...................##....#....#.#
..#..#.#..##.#.##.####..####.####
################### #### ###


You could see an orc high priest and an orc warrior.

Vanquished Creatures
  An orc warlord (Orc:2)
  The ghost of porpoise the Transmogrifier, a journeyman MfEn of Dithmenos (Lair:4)
  A white draconian (IceCv)
  Snorg (Orc:1)
  Harold (D:8)
  A hydra (Lair:5)
  A boulder beetle (D:11)
  4 death yaks
  4 two-headed ogres
  An orc high priest (Orc:2)
  The ghost of Ugeb the Nimble, a journeyman FeSu of Gozag (Lair:3)
  A skyshark (Lair:5)
  A swamp dragon (Orc:2)
  An orc knight (Orc:2)
  A wizard (Lair:5)
  2 orc sorcerers (Orc:2)
  An elephant (Lair:5)
  A black mamba (Lair:4)
  5 cane toads
  A gargoyle (D:10)
  An unseen horror (D:11)
  Maggie (D:6)
  A komodo dragon (Lair:3)
  8 rime drakes
  2 polar bears (D:10)
  2 trolls
  A hornet (D:8)
  3 blink frogs
  A raiju (D:7)
  A slime creature (D:11)
  2 shadows
  A wyvern (Lair:2)
  A wraith (D:11)
  20 yaks
  4 basilisks
  2 fire bats (Lair:5)
  A steam dragon (D:9)
  2 vampire mosquitoes (D:11)
  A warg (Orc:2)
  A naga (Lair:3)
  An acid dragon (shapeshifter) (D:11)
  2 acid dragons (D:8)
  11 water moccasins
  13 orc warriors
  Duvessa (D:7)
  A black bear (D:6)
  8 ice beasts
  4 ogres
  5 wolves (Lair:2)
  A centaur (D:7)
  A phantom (D:6)
  2 kobold brigands
  4 bullfrogs
  3 scorpions
  5 killer bees (D:8)
  Dowan (D:7)
  4 lindwurm simulacra (IceCv)
  6 howler monkeys
  2 electric eels (D:10)
  5 komodo dragon simulacra (IceCv)
  A crimson imp (D:9)
  A jelly (D:6)
  10 orc priests
  A gnoll bouda (D:5)
  A hound (D:5)
  3 sleepcaps
  19 orc wizards
  2 iguanas
  Robin (D:2)
  9 gnolls
  A river rat (D:11)
  5 acid dragon simulacra (IceCv)
  9 adders
  4 shadow imps
  7 white imps
  7 steam dragon simulacra (IceCv)
  2 ufetubi
  2 dart slugs
  61 orcs
  5 endoplasms
  3 giant cockroaches
  13 goblins
  7 hobgoblins
  7 quokkas
  9 ball pythons
  2 bats
  2 frilled lizards (D:1)
  20 kobolds
  4 rats
385 creatures vanquished.

Vanquished Creatures (collateral kills)
  3 hydras
  A two-headed ogre (Orc:2)
  7 death yaks
  An orc high priest (Orc:2)
  A sun demon (Lair:5)
  2 skysharks
  2 orc knights
  9 black mambas
  An elephant (Lair:5)
  2 orange demons (Lair:5)
  2 torpor snails
  7 cane toads
  11 rime drakes
  3 ice devils (Lair:5)
  4 komodo dragons
  A red devil (Lair:5)
  A polar bear (Lair:5)
  A hellwing (Lair:5)
  3 trolls
  A tyrant leech (Lair:3)
  5 blink frogs
  9 dream sheep
  4 slime creatures (D:11)
  16 yaks
  2 wyverns (Lair:1)
  3 basilisks
  A fire bat (Lair:5)
  A steam dragon (Lair:1)
  2 vampire mosquitoes (D:11)
  A warg (Orc:2)
  3 nagas
  8 water moccasins
  3 hell hounds (Lair:5)
  7 orc warriors
  2 wolves (Lair:2)
  3 ogres (Orc:2)
  4 bullfrogs
  A howler monkey (D:9)
  An electric eel (D:10)
  3 orc priests
  6 orc wizards (Orc:2)
  8 white imps (D:11)
  20 orcs
  A butterfly (Lair:1)
177 creatures vanquished.

Vanquished Creatures (others)
  A dire elephant (Lair:3)
  An anaconda (Lair:3)
  3 boulder beetles
  2 orc high priests (Orc:2)
  An orc knight (Orc:2)
  An orc sorcerer (Orc:2)
  A torpor snail (Lair:5)
  A black mamba (Lair:5)
  A komodo dragon (Lair:5)
  3 death yak zombies (Lair:5)
  3 hydra zombies
  3 boulder beetle zombies
  2 dream sheep
  3 black mamba zombies (Lair:5)
  A wyvern (Lair:4)
  A basilisk (Lair:5)
  3 wargs (Orc:2)
  4 cane toad zombies (Lair:5)
  A two-headed ogre zombie (Orc:1)
  2 water moccasins
  7 orc warriors (Orc:2)
  4 blink frog zombies
  5 dream sheep zombies (Lair:5)
  4 rime drake zombies
  A torpor snail zombie (Lair:5)
  2 komodo dragon zombies
  3 bullfrogs
  2 wyvern zombies
  4 water moccasin zombies
  A warg zombie (Orc:2)
  A troll zombie (D:11)
  A polar bear zombie (Lair:5)
  11 yak zombies
  3 wolf zombies (Lair:2)
  4 bullfrog zombies
  An orc priest (Orc:2)
  3 basilisk zombies (Lair:5)
  2 killer bee zombies (D:8)
  An acid dragon zombie (D:11)
  An ice beast zombie (D:10)
  A howler monkey zombie (D:11)
  40 orc zombies
  An elf zombie (D:7)
  A river rat zombie (D:11)
  A kobold zombie (D:9)
  2 rat zombies (D:11)
145 creatures vanquished.

Grand Total: 707 creatures vanquished

Notes
Turn   | Place    | Note
-------+----------+-------------------------------------------
     0 | D:1      | iguanaiguana the Mummy Chaos Knight began the quest for the
                  | Orb.
     0 | D:1      | Reached XP level 1. HP: 18/18 MP: 1/1
    73 | D:1      | Fell from the grace of Xom
   159 | D:1      | Reached skill level 1 in Maces & Flails
   205 | D:1      | Found Naigoesuat's Antique Armour Shoppe.
   223 | D:1      | Reached XP level 2. HP: 24/24 MP: 2/2
   312 | D:1      | XOM: summons 1 hostile demon
   513 | D:1      | Found a faded altar of an unknown god.
   523 | D:1      | Prayed at the altar of an unknown god.
   523 | D:1      | Became a worshipper of Ru the Awakened
   539 | D:1      | Fell from the grace of Ru
  1120 | D:2      | Found a shimmering blue altar of Sif Muna.
  1208 | D:2      | Gained mutation: You are in touch with the powers of death.
                  | [Mummy growth]
  1208 | D:2      | Reached XP level 3. HP: 29/29 MP: 3/3
  1458 | D:2      | Noticed Robin
  1907 | D:2      | Found a shimmering blue altar of Sif Muna.
  2080 | D:2      | Killed Robin
  2084 | D:2      | Reached XP level 4. HP: 16/35 MP: 4/4
  2338 | D:2      | XOM: summons 3 hostile shadow creatures
  2476 | D:3      | Reached skill level 1 in Stealth
  2788 | D:3      | Reached XP level 5. HP: 41/41 MP: 5/5
  2828 | D:3      | Found a hide-covered altar of Uskayaw.
  3166 | D:4      | Found a transporter.
  3171 | D:4      | Reached skill level 1 in Evocations
  3284 | D:4      | Noticed a small abomination
  3289 | D:4      | Found a transporter.
  3375 | D:4      | Found a staircase to the Ecumenical Temple.
  3383 | Temple   | Entered the Ecumenical Temple
  3573 | Temple   | Became a worshipper of Kikubaaqudgha
  3613 | D:4      | Found a one-way gate to the infinite horrors of the Abyss.
  3613 | D:4      | Noticed Rudyous's ghost (amateur OpFE)
  3639 | D:4      | Reached XP level 6. HP: 29/47 MP: 6/6
  3640 | D:4      | Reached skill level 1 in Necromancy
  4023 | D:4      | Reached skill level 2 in Necromancy
  4173 | D:4      | Found a broken altar of Ashenzari.
  4299 | D:1      | Bought a brightly glowing ring mail for 180 gold pieces
  4299 | D:1      | Identified the +5 ring mail of the Several Places {rC+}
                  | (You bought it in a shop on level 1 of the Dungeon)
  4516 | D:4      | XOM: god gift: fizzy orange potion {god gift}
  4786 | D:4      | Reached skill level 3 in Necromancy
  4915 | D:4      | XOM: noise
  5027 | D:5      | Entered Level 5 of the Dungeon
  5102 | D:5      | Reached skill level 1 in Spellcasting
  5102 | D:5      | Reached XP level 7. HP: 44/52 MP: 6/8
  5106 | D:5      | Reached skill level 4 in Necromancy
  5179 | D:5      | Reached * piety under Kikubaaqudgha
  5179 | D:5      | Received a gift from Kikubaaqudgha
  5184 | D:5      | Learned a level 3 spell: Vampiric Draining
  5746 | D:5      | XOM: enchant monster (bad)
  5754 | D:5      | Reached skill level 5 in Necromancy
  5937 | D:5      | Learned a level 4 spell: Animate Dead
  6191 | D:5      | XOM: stat loss: -2 Str (16/18)
  6428 | D:6      | Reached skill level 6 in Necromancy
  6428 | D:6      | Reached XP level 8. HP: 57/58 MP: 14/14
  6471 | D:6      | Noticed Maggie
  6660 | D:7      | XOM: 2-stop teleportation journey
  6844 | D:6      | XOM: 2-stop teleportation journey
  6845 | D:6      | Identified the +7 falchion "Zuafo" {drain, Will+ Stlth+}
  6852 | D:6      | Killed Maggie
  6954 | D:6      | Reached skill level 7 in Necromancy
  7093 | D:6      | Reached ** piety under Kikubaaqudgha
  7238 | D:6      | Reached skill level 8 in Necromancy
  7740 | D:6      | XOM: stat loss: -2 Str (16/18)
  7786 | D:7      | Reached XP level 9. HP: 62/63 MP: 11/15
  7832 | D:7      | Noticed Duvessa
  7833 | D:7      | Noticed Dowan
  7834 | D:7      | Killed Duvessa
  7851 | D:7      | Reached skill level 5 in Spellcasting
  7858 | D:7      | Killed Dowan
  8013 | D:7      | XOM: god gift: +2 morningstar of chaos
  8063 | D:7      | XOM: stat loss: -3 Str (15/18)
  8078 | D:7      | Your ally Dowan died
  8232 | D:7      | XOM: scenery: summon butterflies
  8255 | D:7      | Found an ornate altar of the Wu Jian Council.
  8313 | D:7      | XOM: polymorph something unseen -> raiju
  8319 | D:7      | Reached skill level 9 in Necromancy
  8398 | D:7      | XOM: summons 1 hostile demon
  8827 | D:7      | Reached *** piety under Kikubaaqudgha
  8827 | D:7      | Received a gift from Kikubaaqudgha
  8993 | D:7      | Found an opulent altar of Gozag.
  9320 | D:8      | Reached skill level 10 in Necromancy
  9327 | D:8      | Found a transporter.
  9327 | D:8      | Noticed a troll
  9332 | D:8      | Noticed a deep elf pyromancer
  9333 | D:8      | Noticed a two-headed ogre
  9337 | D:8      | Found a transporter.
  9341 | D:8      | Noticed a tengu warrior
  9362 | D:8      | Noticed a tengu warrior
  9415 | D:8      | Identified the +1 robe "Segoq" {rN++ Int-5 Dex+2 Slay+3}
  9822 | D:8      | Learned a level 4 spell: Dispel Undead
  9828 | D:8      | Learned a level 5 spell: Agony
  9865 | D:8      | Reached skill level 11 in Necromancy
  9973 | D:8      | Found a sacrificial altar of Ru.
 10009 | D:8      | Found a blossoming altar of Fedhas.
 10255 | D:8      | Reached XP level 10. HP: 18/70 MP: 7/19
 10729 | D:8      | XOM: silly message
 10744 | D:9      | XOM: divination: magic mapping
 10773 | D:9      | Found a stormy altar of Qazlal.
 10807 | D:9      | Found a staircase to the Orcish Mines.
 10807 | D:9      | Noticed Harold
 10928 | D:9      | XOM: silly message
 10930 | D:9      | Found a shimmering blue altar of Sif Muna.
 11147 | D:9      | Noticed a two-headed ogre
 11175 | D:8      | Reached **** piety under Kikubaaqudgha
 11496 | D:8      | Killed a two-headed ogre
 11803 | D:8      | XOM: noise
 11803 | D:8      | Was forgiven by Xom
 11822 | D:8      | Killed Harold
 11823 | D:8      | Reached skill level 12 in Necromancy
 12241 | D:9      | Found a shimmering altar of Xom.
 12245 | D:9      | Identified the +5 chain mail of the Elven Halls {rF+}
 12338 | D:9      | Noticed a two-headed ogre
 12349 | D:9      | Killed a two-headed ogre
 12350 | D:9      | Reached skill level 5 in Fighting
 12635 | D:9      | Upgraded the game from 0.31-a0-202-g547052bce9 to
                  | 0.31-a0-210-gccc998df9b
 12732 | D:10     | Entered Level 10 of the Dungeon
 13016 | D:10     | Found the +0 toga "Victory" {*Victory Clar}
 13046 | D:10     | Noticed a gargoyle
 13048 | D:10     | Killed a gargoyle
 13209 | D:10     | Found a sparkling altar of Nemelex Xobeh.
 13291 | D:10     | Reached XP level 11. HP: 78/83 MP: 9/23
 13421 | D:10     | Found a bloodstained altar of Trog.
 14208 | D:11     | Reached ***** piety under Kikubaaqudgha
 14223 | D:11     | Found a frozen archway.
 14243 | IceCv    | Entered an ice cave
 15231 | IceCv    | Reached skill level 1 in Ice Magic
 15353 | IceCv    | Noticed a white draconian
 15365 | IceCv    | Killed a white draconian
 15369 | IceCv    | Reached skill level 5 in Ice Magic
 15529 | IceCv    | Got the Annotations on Ice
 15564 | IceCv    | Identified the ring of Hedonism {Fire rN+++ Str+2 Int-5
                  | Dex+2}
 15784 | D:11     | Noticed a death yak
 15799 | D:11     | Noticed a death yak
 15993 | D:11     | Noticed a death yak
 16020 | D:10     | Killed a death yak
 16027 | D:10     | Learned a level 5 spell: Metabolic Englaciation
 16128 | D:11     | Noticed a boulder beetle
 16136 | D:11     | Killed a boulder beetle
 16282 | D:11     | Killed a death yak
 16291 | D:11     | Killed a death yak
 16343 | D:11     | Learned a level 6 spell: Simulacrum
 16671 | D:11     | Found a staircase to the Lair.
 16792 | D:11     | Upgraded the game from 0.31-a0-210-gccc998df9b to
                  | 0.31-a0-219-g8d62b2e7bb
 16800 | D:11     | Reached skill level 10 in Ice Magic
 16848 | D:11     | Reached XP level 12. HP: 81/92 MP: 7/24
 17118 | Lair:1   | Entered Level 1 of the Lair of Beasts
 17210 | Lair:1   | Reached ****** piety under Kikubaaqudgha
 17211 | Lair:1   | Reached skill level 13 in Necromancy
 17934 | Lair:1   | Reached skill level 14 in Necromancy
 18203 | Lair:1   | Noticed a catoblepas
 18223 | Lair:1   | Found a runed translucent door.
 18552 | Lair:2   | Found a transporter.
 18553 | Lair:2   | Found a transporter.
 18553 | Lair:2   | Noticed a boulder beetle
 18553 | Lair:2   | Noticed a boulder beetle
 19244 | Lair:2   | You fall into a shaft and drop 2 floors!
 19253 | Lair:4   | Reached skill level 15 in Necromancy
 19411 | Lair:4   | Reached skill level 1 in Shields
 19661 | Lair:4   | Found a runed translucent gate.
 19662 | Lair:4   | Found a runed translucent gate.
 20027 | Lair:4   | Gained mutation: You are strongly in touch with the powers
                  | of death. [Mummy growth]
 20027 | Lair:4   | Reached XP level 13. HP: 89/98 MP: 17/25
 20436 | Lair:4   | Identified the ring of Gief {rPois AC+4 Dex+3 SInv}
 20440 | Lair:4   | Identified the amulet of Tithrisegg {Acrobat Stlth+}
 20581 | Lair:4   | Found a runed translucent gate.
 20584 | Lair:4   | Noticed porpoise's ghost (journeyman MfEn)
 20612 | Lair:4   | Killed porpoise's ghost
 20613 | Lair:4   | Reached skill level 5 in Shields
 21234 | Lair:3   | Identified the +9 long sword "Hell-Harrower" {heavy, Str+3}
 21688 | Lair:3   | Noticed a dire elephant
 21817 | Lair:3   | Found a staircase to the Swamp.
 22010 | Lair:3   | Found a staircase to the Snake Pit.
 22143 | Lair:3   | Found a runed translucent door.
 22143 | Lair:3   | Noticed Ugeb's ghost (journeyman FeSu)
 22455 | Lair:3   | Killed Ugeb's ghost
 22457 | Lair:3   | Identified the ring "Isadghargh" {rCorr Str+4}
 22510 | Lair:5   | Entered Level 5 of the Lair of Beasts
 22523 | Lair:5   | Found a runed translucent door.
 22525 | Lair:5   | Found a viscous altar of Jiyva.
 22579 | Lair:5   | Noticed an acid blob
 22579 | Lair:5   | Noticed an acid blob
 22580 | Lair:5   | Found a staircase to the Slime Pits.
 22639 | Lair:5   | Found a dark tunnel.
 22692 | Volcano  | Entered a volcano
 23458 | Lair:5   | Reached skill level 10 in Shields
 23458 | Lair:5   | Reached skill level 1 in Dodging
 23461 | Lair:5   | Reached XP level 14. HP: 78/105 MP: 3/26
 24146 | Lair:5   | Found a burning altar of Makhleb.
 24263 | Lair:5   | Found a gateway to Hell.
 24515 | Orc:1    | Entered Level 1 of the Orcish Mines
 24518 | Orc:1    | Noticed Snorg
 24530 | Orc:1    | Killed Snorg
 24535 | Orc:1    | Noticed Sonja
 24536 | Orc:1    | Sonja changed into Sonja the naga
 24536 | Orc:1    | Noticed Sonja
 24540 | Orc:1    | Killed Sonja the naga
 24686 | Orc:1    | Identified a +6 demon trident of pain (a +4 demon trident
                  | of venom bloodied by Kikubaaqudgha)
 24686 | Orc:1    | Received a gift from Kikubaaqudgha
 24840 | Orc:1    | You fall into a shaft and drop 1 floor!
 24840 | Orc:2    | Entered Level 2 of the Orcish Mines
 24874 | Orc:2    | Noticed Nessos
 24881 | Orc:2    | Nessos changed into Nessos the swamp dragon
 24881 | Orc:2    | Noticed Nessos
 24891 | Orc:2    | Killed Nessos the swamp dragon
 24913 | Orc:2    | Reached skill level 5 in Polearms
 24975 | Orc:2    | Found a staircase to the Elven Halls.
 25002 | Orc:2    | Found a flickering gateway to a bazaar.
 25040 | Bazaar   | Entered a bazaar
 25040 | Bazaar   | Found Hodatom's General Store.
 25097 | Bazaar   | Found Texacw's Antique Weapon Boutique.
 25105 | Bazaar   | Found Sostilit's Distillery.
 25116 | Bazaar   | Found Itorunlipa's Jewellery Emporium.
 25127 | Bazaar   | Found Nolicse's Antique Armour Shop.
 25135 | Bazaar   | Bought a pair of crude gloves for 199 gold pieces
 25135 | Bazaar   | Identified the +0 pair of gloves of Sisaix {rElec Int+3}
                  | (You bought it in a shop in a bazaar)
 25174 | Bazaar   | Bought the ring of the Prince of Darkness {Fly rF+ Dex+3}
                  | for 680 gold pieces
 25490 | Orc:2    | Noticed an orc warlord
 25565 | Orc:1    | Noticed Erica
 25565 | Orc:1    | Noticed an orc warlord
 25629 | Orc:2    | Killed an orc warlord
 26053 | Orc:2    | Found Yqaehenk's Antique Armour Shoppe.
 26053 | Orc:2    | Found Hoiwemev's Antique Weapon Shoppe.
 26058 | Orc:2    | Killed from afar by an orc high priest

Illustrated notes

Levels and vault maps discovered:
D:1:      dpeg_cavernosity, layout_basic, serial_shops,
          nicolae_shop_rolling_square, basic_ecumenical_altar
D:2:      layout_loops_ring, basic_altar,
          nicolae_concentric_dashed_squares_mild, uniq_robin
D:3:      layout_rooms, nicolae_uskayaw_suspiria, due_unseen_surprise
D:4:      layout_layer_cave, nicolae_ashenzari_panopticon, tso_oasis_becter,
          minmay_temple_entry_statues_pillars, serial_glass, glass_columns_c,
          glass_columns_a, gammafunk_ghost_abyssal_escape
D:5:      layout_loops_corners, serial_demonic, serial_demonic_c,
          serial_demonic_e, serial_demonic_g, serial_demonic_g,
          serial_demonic_g, serial_demonic_b, serial_demonic_b, serial_demonic_b
D:6:      layout_loops_ring, kb_lookout_dungeons_type, uniq_maggie
D:7:      layout_loops_ring, pdpol_temple_overflow_zin_treasury_gozag_greed,
          mainiacjoe_overflow_boulevard, uniq_duvessa
D:8:      gammafunk_sealed_arena, layout_basic, mainiacjoe_overflow_paths,
          fedhas_altar_2
D:9:      layout_irregular_city, grunt_qazlal_sundering, amcnicky_altar_gilded,
          xom_butterflies, david_orc_2, minmay_fire_ice_demons, uniq_harold
D:10:     minmay_twisted_water, layout_stronghold, nemelex_spade_bored_becter,
          trog_ov_bears_minmay
D:11:     layout_long_grid, dpeg_lair_monsters, portal_ice_cave_entry_imps
Temple:   compressed_dpeg_triangle_lava_temple
Lair:1:   gammafunk_lair_enchanted_lake, layout_chaotic_city,
          lemuel_fruit_fields
Lair:2:   gammafunk_boulding_lane, layout_cave_pods
Lair:3:   layout_concentric_octagons, palyth_hydra_swamp_entry,
          nicolae_snake_entry_squirm, gammafunk_ghost_grave, patterned_corridor
Lair:4:   layout_regular_city, ebering_ghost_rock_garden, serial_bayou_pond_e,
          minivault_23, minmay_lair_drake_nest, lemuel_fruit_tree
Lair:5:   evil_forest, layout_regular_city, slime_entry_2,
          nicolae_volcano_entry_batcave, chequers_serial_rivers_room_b
Orc:1:    layout_caves, minmay_orc_keep, uniq_snorg, uniq_sonja, uniq_erica
Orc:2:    st_orc_congregation, layout_caves, serial_shops, bzr_entry_safe,
          basic_altar, uniq_nessos

Skill      XL: |  1  2  3  4  5  6  7  8  9 10 11 12 13 14 |
---------------+-------------------------------------------+-----
Maces & Flails | 1 2 3 |  3.0
Stealth        | 2 3 |  3.0
Evocations     | 2 4 |  4.0
Necromancy     | 3 6 8 11 12 15 | 15.0
Spellcasting   | 1 4 6 8 |  8.7
Fighting       | 6 8 9 |  9.5
Ice Magic      | 10 11 | 11.0
Shields        | 3 10 | 10.0
Dodging        | 1 4 |  4.2
Polearms       | 6 |  6.2
Armour         | |  1.5

Action                     |  1- 3 |  4- 6 |  7- 9 | 10-12 | 13-15 || total
---------------------------+-------+-------+-------+-------+-------++-------
  Melee: Mace              |   130 |   236 |   262 |       |       ||   628
         Punch             |     2 |     4 |     5 |     4 |       ||    15
         Morningstar       |       |       |   258 |   310 |    33 ||   601
         Long sword        |       |       |       |       |    73 ||    73
         Demon trident     |       |       |       |       |   105 ||   105
   Fire: Arbalest          |       |       |       |    28 |       ||    28
  Throw: Dart              |       |    15 |     8 |     9 |     3 ||    35
         Boomerang         |       |     1 |     6 |       |     1 ||     8
   Cast: Vampiric Draining |       |       |    25 |    62 |    13 ||   100
         Animate Dead      |       |       |     7 |    21 |    12 ||    40
         Agony             |       |       |     4 |    38 |    11 ||    53
         Dispel Undead     |       |       |       |    21 |     3 ||    24
         Simulacrum        |       |       |       |    32 |    51 ||    83
 Invoke: Renounce Religion |     2 |       |       |       |       ||     2
         Unearth Wretches  |       |       |       |       |    11 ||    11
         Brand Weapon With |       |       |       |       |     1 ||     1
  Evoke: Wand              |       |     2 |    25 |    20 |    17 ||    64
         Phial of floods   |       |       |       |     1 |     1 ||     2
         Lightning rod     |       |       |       |       |     1 ||     1
    Use: Scroll            |       |     9 |     4 |     9 |    12 ||    34
   Stab: Sleeping          |     1 |     1 |     3 |       |       ||     5
         Distracted        |       |     1 |       |     3 |     2 ||     6
         Paralysed         |       |       |       |       |     2 ||     2
 Armour: Leather armour    |    68 |   104 |       |       |       ||   172
         Ring mail         |       |    32 |   469 |   147 |       ||   648
         Robe              |       |       |       |   160 |   127 ||   287
  Dodge: Dodged            |    84 |   161 |   387 |   406 |   182 ||  1220
  Block: Kite shield       |       |       |       |       |   244 ||   244

Table legend: (Time is in decaauts)
 A = Elapsed time spent in this place.
 B = Non-inter-level travel time spent in this place.
 C = Inter-level travel time spent in this place.
 D = Time resting spent in this place.
 E = Time spent auto-exploring this place.
 F = Levels seen in this place.
 G = Mean time per level.
                   A        B        C        D        E       F      G
               +--------+--------+--------+--------+--------+-----+--------+
         Total |  28143 |  26701 |   1442 |   3552 |  16368 |  22 | 1279.2 |
       Dungeon |  16126 |  15068 |   1058 |   2239 |   9041 |  11 | 1466.0 |
        Temple |    197 |    176 |     21 |      0 |    166 |   1 |  197.0 |
          Lair |   8579 |   8217 |    362 |    336 |   6222 |   5 | 1715.8 |
  Orcish Mines |   1544 |   1544 |      0 |    322 |    613 |   2 |  772.0 |
        Bazaar |    148 |    148 |      0 |      0 |     99 |   1 |  148.0 |
      Ice Cave |   1468 |   1468 |      0 |    608 |    226 |   1 | 1468.0 |
       Volcano |     78 |     78 |      0 |     47 |      0 |   1 |   78.0 |
               +--------+--------+--------+--------+--------+-----+--------+

Top non-repeatable levels by time:
     D:8: 2297 daAuts
  Lair:5: 2126 daAuts
  Lair:3: 1809 daAuts
  Lair:4: 1708 daAuts
    D:10: 1659 daAuts
  Lair:1: 1643 daAuts
     D:2: 1574 daAuts
     D:4: 1523 daAuts
    D:11: 1477 daAuts
   IceCv: 1468 daAuts
     D:5: 1465 daAuts
     D:6: 1444 daAuts
     D:7: 1441 daAuts
     D:9: 1329 daAuts
  Lair:2: 1291 daAuts
